 Dungeon Crawl Stone Soup version 0.31-a0-662-g684573625c (webtiles) character file.

Game seed: 1165729161581516619

51 Aj7335 the Ruffian (level 3, 0/40 HPs)
             Began as a Demigod Shapeshifter on Sept 1, 2023.
             Slain by a gnoll
             ... wielding a +0 halberd
              (4 damage)
             ... on level 3 of the Dungeon.
             The game lasted 00:04:26 (1789 turns).

Aj7335 the Ruffian (Demigod Shapeshifter)           Turns: 1789, Time: 00:04:26

Health: 0/40       AC: 21    Str: 19    XL:     3   Next: 36%
Magic:  5/5        EV:  2    Int: 12    God:
Gold:   103        SH:  0    Dex: 13    Spells: 2/2 levels left

rFire   + .          .
                       - Unarmed
rCold   . . .        (no shield)
rNeg    . . .        e - melded +0 chain mail
rPois   +            (helmet currently unavailable)
rElec   .            (cloak currently unavailable)
rCorr   .            (gloves currently unavailable)
SInv    .            (boots currently unavailable)
Will    .....        p - amulet of faith
Stlth   +            m - ring of protection from fire
HPRegen 0.26/turn    (no ring)
MPRegen 0.09/turn

%: faith
@: tree-form
A: stationary, stasis, torment immunity, boosted hp, high MP 1, forlorn, divine
attributes
a: no special abilities


You were on level 3 of the Dungeon.
You were a tree.
You visited 1 branch of the dungeon, and saw 3 of its levels.

You collected 103 gold pieces.

Inventory:

Missiles
 n - 17 stones
 w - 4 poisoned darts (quivered)
Armour
 a - a +0 animal skin
 e - a +0 chain mail (melded)
Jewellery
 m - a ring of protection from fire (left branch)
 p - an amulet of faith (around neck)
Talismans
 c - a beast talisman
 d - a flux talisman
 l - a serpent talisman
Scrolls
 g - 2 scrolls of enchant armour {unknown}
 h - a scroll of enchant weapon {unknown}
 i - 3 scrolls of identify {unknown}
 j - a scroll of blinking {unknown}
 k - a scroll of vulnerability {unknown}
 o - a scroll of immolation {unknown}
 r - 2 scrolls of teleportation {unknown}
 s - a scroll of silence {unknown}
 t - a scroll of revelation {unknown}
 x - a scroll of fog {unknown}
 y - a scroll of poison {unknown}
 A - a scroll of noise {unknown}
Potions
 b - a potion of lignification
 f - a potion of heal wounds {unknown}
 q - a potion of might {unknown}
 u - a potion of degeneration {unknown}
 v - a potion of attraction {unknown}
 z - 2 potions of brilliance {unknown}


   Skills:
 + Level 0.8 Fighting
 + Level 0.8 Armour
 + Level 2.0 Dodging
 + Level 3.4 Unarmed Combat
 + Level 3.1 Shapeshifting


You had 2 spell levels left.
You didn't know any spells.
Your spell library contained the following spells:

 Spells                   Type           Power      Damage    Failure   Level
 Inner Flame              Hex/Fire       0%         N/A       69%         3
 Yara's Violent Unravell  Hex/Tmut       0%         3d3       100%        5
 Enfeeble                 Hex            0%         N/A       100%        7


Dungeon Overview and Level Annotations

Branches:
Dungeon (3/15)


Innate Abilities, Weirdness & Mutations

You are a tree.
Your roots penetrate the ground, keeping you stationary.
You cannot be teleported.
You are immune to unholy pain and torment.
Your maximum health is greatly increased.
Your equipment is partially melded.
You have an increased reservoir of magic. (+10% MP)
You shall have no god before yourself.
Your divine heritage dramatically boosts your attributes as you level up.


Message History

You hit the gnoll. You punch the gnoll.
You kill the gnoll!
The gnoll closely misses you.
Your Dodging skill increases to level 2!
There are monsters nearby!
The gnoll hits you with a +0 halberd!
The gnoll hits you from afar with a +0 spear. x2
You see here a +0 flail.
There are monsters nearby!
You are too injured to fight recklessly!
There are monsters nearby!
You are too injured to fight recklessly!
There are monsters nearby!
You are too injured to fight recklessly!
There are monsters nearby!
You are too injured to fight recklessly!
There are monsters nearby!
You are too injured to fight recklessly!
There are monsters nearby!
Your transformation has ended.
You turn into a tree.
Your +0 chain mail melds into your body.
Your roots penetrate the ground.
The gnoll hits you with a +0 halberd.
* * * LOW HITPOINT WARNING * * *
The gnoll hits you but does no damage. x2
You closely miss the gnoll. The gnoll hits you with a +0 halberd.
* * * LOW HITPOINT WARNING * * *
The gnoll hits you but does no damage. x2
You smack the gnoll!
The gnoll is almost dead.
The gnoll hits you with a +0 halberd.
* * * LOW HITPOINT WARNING * * *
The gnoll hits you but does no damage. x2
You closely miss the gnoll.
The gnoll is almost dead.
The gnoll hits you but does no damage. x2; The gnoll completely misses you.
You barely miss the gnoll.
The gnoll is almost dead.
The gnoll hits you with a +0 halberd.
You die...

#
.##..#####
.......<.#
.....###.#
... #♣#
........g#
....##.gg
.. ##.##
#.. [..
#.. #..#


You could see 3 gnolls.

Vanquished Creatures
  A gnoll (D:3)
  2 worms (D:2)
  A ball python (D:2)
  2 endoplasms
  3 goblins
  2 hobgoblins (D:2)
  3 jackals (D:1)
  A quokka (D:2)
  8 bats
  A frilled lizard (D:2)
  3 kobolds
  7 rats
34 creatures vanquished.

Notes
Turn   | Place    | Note
-------+----------+-------------------------------------------
     0 | D:1      | Aj7335 the Demigod Shapeshifter began the quest for the
                  | Orb.
     0 | D:1      | Reached XP level 1. HP: 15/15 MP: 3/3
   276 | D:1      | Noticed a golden eye
   286 | D:1      | Noticed a shining eye
   291 | D:1      | Noticed an eye of devastation
   466 | D:1      | Reached XP level 2. HP: 15/22 MP: 4/4
   659 | D:1      | Noticed a floating eye
  1132 | D:2      | Identified the +3 flail of Ambiguity {heavy, rPois Will+
                  | Int-2}
  1353 | D:2      | Reached XP level 3. HP: 27/27 MP: 5/5
  1789 | D:3      | Slain by a gnoll

Illustrated notes

Levels and vault maps discovered:
D:1:      dpeg_arrival_round_a, layout_basic,
          hellmonk_ecumenical_altar_watching_god
D:2:      cheibrodos_old_hovel, layout_loops_ring, basic_altar,
          chequers_serial_rivers_micro_a, kennysheep_potato
D:3:      layout_loops_ring, mainiacjoe_overflow_catch_the_wave

Skill      XL: |  1  2  3 |
---------------+----------+-----
Shapeshifting  | 3 |  3.1
Unarmed Combat | 3 |  3.4
Dodging        | 2 |  2.0
Fighting       | |  0.8
Armour         | |  0.8

Action                     || total
---------------------------++-------
  Melee: Unarmed           ||    89
         Punch             ||     4
    Use: Potion            ||     1
 Armour: Chain mail        ||    82
         Skin              ||    12
  Dodge: Dodged            ||    51

Table legend: (Time is in decaauts)
 A = Elapsed time spent in this place.
 B = Non-inter-level travel time spent in this place.
 C = Inter-level travel time spent in this place.
 D = Time resting spent in this place.
 E = Time spent auto-exploring this place.
 F = Levels seen in this place.
 G = Mean time per level.
                   A        B        C        D        E       F      G
               +--------+--------+--------+--------+--------+-----+--------+
         Total |   1782 |   1524 |    258 |      0 |   1276 |   3 |  594.0 |
       Dungeon |   1782 |   1524 |    258 |      0 |   1276 |   3 |  594.0 |
               +--------+--------+--------+--------+--------+-----+--------+

Top non-repeatable levels by time:
     D:1: 943 daAuts
     D:2: 829 daAuts
     D:3: 10 daAuts
